 Dungeon Sprint DCSS version 0.17-a0-1805-g6093636 (webtiles) character file.

1497 Kidiri the Protected (level 8, -2/112 HPs)
             Began as a Minotaur Fighter on Sept 12, 2015.
             Was a Priest of Okawaru.
             Slain by Sonja
             ... wielding a +0 short sword of distortion
              (13 damage)
             ... in the Dungeon (Sprint VII: "The Pits").
             The game lasted 00:07:27 (1425 turns).

Kidiri the Protected (Minotaur Fighter)             Turns: 1425, Time: 00:07:27

Health: -2/112     AC: 29    Str: 26    XL:     8   Next: 51%
Magic:  11/11      EV: 14    Int:  8    God:    Okawaru [***...]
Gold:   0          SH: 15    Dex: 12    Spells: 0 memorised, 7 levels left

rFire  . . .     SeeInvis .     b - +0 flail (protect)
rCold  . . .     Clarity  .     t - +4 chain mail
rNeg   . . .     SustAt   .     c - +0 shield
rPois  .         Gourm    .     (helmet restricted)
rElec  .         Spirit   .     B - +0 cloak
rCorr  .         Warding  .     (no gloves)
rMut   .         NoTele   +     r - +0 pair of boots
MR     .....                    (no amulet)
Stlth  ..........               H - +3 ring of protection
                                G - +3 ring of intelligence

@: berserking (expiring), heroism, very quick, not resistant to hostile
enchantments, extremely unstealthy
A: retaliatory headbutt, horns 2
a: Heroism, Renounce Religion


You were in the Dungeon.
You worshipped Okawaru.
Okawaru was most pleased with you.
You were not hungry.

You visited 1 branch

Inventory:

Hand weapons
 b - a +0 flail of protection (weapon)
Armour
 c - a +0 shield (worn)
 r - a +0 pair of boots (worn)
 t - a +4 chain mail (worn)
 B - a +0 cloak (worn)
Jewellery
 G - a +3 ring of intelligence (left hand)
 H - a +3 ring of protection (right hand)
Scrolls
 k - a scroll of blinking
 o - 3 scrolls of remove curse
 p - 5 scrolls of amnesia
 q - a scroll of summoning
Potions
 d - 2 potions of might
 f - 6 potions of curing
 g - 6 potions of heal wounds
 h - 3 potions of haste
 i - 4 potions of magic
 j - 4 potions of berserk rage
 n - 2 potions of invisibility
 I - a potion of brilliance
 J - a potion of resistance
Comestibles
 e - 8 bread rations
 l - 40 fruits
 m - 7 meat rations


   Skills:
 + Level 8.6(13.6) Fighting
 * Level 11.0(16.0) Maces & Flails
 * Level 11.2(16.2) Armour
 + Level 7.0(12.0) Dodging
 * Level 11.2(16.2) Shields
 + Level 5.9 Invocations


You had 7 spell levels left.
You didn't know any spells.

Dungeon Overview and Level Annotations

Branches:
Dungeon (1/1)

Altars:
Ashenzari
Cheibriados
Dithmenos
Elyvilon
Fedhas
Gozag
Kikubaaqudgha
Makhleb
Nemelex Xobeh
Okawaru
Qazlal
Ru
Sif Muna
Trog
Vehumet
Xom
Yredelemnul
Zin
The Shining One
Beogh
Jiyva
Lugonu

Annotations:
D Sonja


Innate Abilities, Weirdness & Mutations

You reflexively headbutt those who attack you in melee.
You have a pair of horns on your head.


Message History

You block the snapping turtle's attack.
You hit the snapping turtle but do no damage.
You headbutt the snapping turtle, but do no damage.
The snapping turtle is heavily wounded.
You feel sick.
You are no longer poisoned.
You hit the snapping turtle.
Your headbutt misses the snapping turtle.
The snapping turtle is severely wounded.
Sonja opens the large door.
You block the snapping turtle's attack.
Unknown command.
You hit the snapping turtle.
The snapping turtle is severely wounded.
Unknown command.
You hit the snapping turtle.
The snapping turtle is severely wounded.
Sonja hits you with an uncursed short sword of distortion.
* * * LOW HITPOINT WARNING * * *
Space warps horribly around you!
You die...

+#####......#..#......#
.)..##................#
###+#####+#####''######
....##.......##'K#####
....##.......##......#
#+####.......##......#
....##...<...###..(.##
....##.......# ##K'##
....##.......###@t..##
######.......##...(..#
.#..###########......+
.#.############......#
.#.#....#...[###....##
.#+#....#..[[# ##++##
.#.รท....+..))#
.#+#....#..))#
.+.#....#[.))#


You could see a snapping turtle and Sonja.

Vanquished Creatures
  2 kobold demonologists (D)
  A troll (D)
  A blue devil (D)
  2 ogres (D)
  2 big kobolds (D)
  A wight (D)
  A crimson imp (D)
  A quasit (D)
  Crazy Yiuf (D)
  2 worker ants (D)
  An iguana (D)
  A gnoll (D)
  A river rat (D)
  2 giant eyeballs (D)
  An ufetubus (D)
  An adder skeleton (D)
  An orc (D)
  A giant cockroach (D)
  2 hobgoblins (D)
  3 jackals (D)
  A ball python (D)
  3 kobolds (D)
  A rat (D)
33 creatures vanquished.

Notes
Turn   | Place    | Note
--------------------------------------------------------------
     0 | D        | Kidiri the Minotaur Fighter began the quest for the Orb.
     0 | D        | Reached XP level 1. HP: 19/19 MP: 0/0
    16 | D        | Reached skill level 4 in Fighting
    16 | D        | Reached skill level 1 in Dodging
    45 | D        | Found a sacrificial altar of Ru.
    45 | D        | Found a basalt altar of Yredelemnul.
    45 | D        | Found a shadowy altar of Dithmenos.
    45 | D        | Found a deep blue altar of Sif Muna.
    45 | D        | Found a burning altar of Makhleb.
    45 | D        | Found a shimmering altar of Xom.
    45 | D        | Found an ancient bone altar of Kikubaaqudgha.
    45 | D        | Found a sparkling altar of Nemelex Xobeh.
    46 | D        | Found a glowing golden altar of the Shining One.
    46 | D        | Found a bloodstained altar of Trog.
    46 | D        | Found a shattered altar of Ashenzari.
    46 | D        | Found a white marble altar of Elyvilon.
    46 | D        | Found a snail-covered altar of Cheibriados.
    46 | D        | Found a blossoming altar of Fedhas.
    46 | D        | Found a radiant altar of Vehumet.
    46 | D        | Found a glowing silver altar of Zin.
    46 | D        | Found a corrupted altar of Lugonu.
    46 | D        | Found a viscous altar of Jiyva.
    46 | D        | Found a roughly hewn altar of Beogh.
    46 | D        | Found an iron altar of Okawaru.
    56 | D        | Found a stormy altar of Qazlal.
    56 | D        | Found an opulent altar of Gozag.
    59 | D        | Became a worshipper of Warmaster Okawaru
    79 | D        | Reached XP level 2. HP: 25/28 MP: 1/1
   452 | D        | Noticed a worker ant
   454 | D        | Reached skill level 5 in Armour
   455 | D        | Paralysed by a giant eyeball for 4 turns
   460 | D        | Reached skill level 5 in Shields
   460 | D        | Reached XP level 3. HP: 18/34 MP: 2/2
   461 | D        | Killed a worker ant
   461 | D        | Reached skill level 1 in Invocations
   466 | D        | Reached skill level 5 in Maces & Flails
   716 | D        | Noticed a worker ant
   716 | D        | Noticed an ogre
   716 | D        | Noticed a quasit
   727 | D        | Killed a worker ant
   727 | D        | Reached skill level 5 in Fighting
   727 | D        | Reached skill level 6 in Armour
   727 | D        | Reached XP level 4. HP: 40/42 MP: 4/4
   729 | D        | Killed a quasit
   736 | D        | Killed an ogre
   736 | D        | Acquired Okawaru's first power
   736 | D        | Reached skill level 7 in Armour
   736 | D        | Reached XP level 5. HP: 36/50 MP: 4/6
   835 | D        | Noticed a wight
   839 | D        | Killed a wight
   849 | D        | Noticed a blue devil
   859 | D        | Killed a blue devil
   859 | D        | Reached skill level 8 in Maces & Flails
   859 | D        | Reached skill level 9 in Armour
   859 | D        | Reached skill level 5 in Dodging
   859 | D        | Reached XP level 6. HP: 40/58 MP: 4/8
   961 | D        | Noticed an ogre
   961 | D        | Noticed a crimson imp
   964 | D        | Killed a crimson imp
   974 | D        | Killed an ogre
   974 | D        | Reached XP level 7. HP: 64/66 MP: 7/9
  1133 | D        | Noticed Crazy Yiuf
  1133 | D        | Noticed a kobold demonologist
  1133 | D        | Noticed a big kobold
  1133 | D        | Noticed a kobold demonologist
  1133 | D        | Noticed a big kobold
  1133 | D        | Noticed a troll
  1139 | D        | Noticed a red devil
  1142 | D        | Killed a kobold demonologist
  1142 | D        | Reached skill level 10 in Armour
  1142 | D        | Reached skill level 10 in Shields
  1142 | D        | Reached skill level 5 in Invocations
  1144 | D        | Killed a big kobold
  1144 | D        | Reached skill level 10 in Maces & Flails
  1151 | D        | Killed a big kobold
  1153 | D        | Killed Crazy Yiuf
  1162 | D        | Killed a troll
  1162 | D        | Reached XP level 8. HP: 48/74 MP: 9/11
  1172 | D        | Noticed a hellwing
  1175 | D        | Killed a kobold demonologist
  1175 | D        | Reached skill level 11 in Maces & Flails
  1391 | D        | Noticed an iguana
  1391 | D        | Noticed a snapping turtle
  1391 | D        | Noticed Sonja
  1393 | D        | Killed an iguana
  1425 | D        | Slain by Sonja

Vault maps used:
D:        pitsprint

Action                   |  1- 3 |  4- 6 |  7- 9 || total
-------------------------+-------+-------+-------++-------
Melee: Mace              |    30 |       |       ||    30
       Flail             |     3 |    36 |    61 ||   100
Invok: Heroism           |       |     2 |     2 ||     4
  Use: Potion            |       |       |     5 ||     5
  Eat: Chunk             |       |       |     2 ||     2
